 Dungeon Crawl Stone Soup version 0.31-a0-182-gc5ef74bbde (webtiles) character file.

Game seed: 6332876030806527463

24173 Elmgren the Marksgargoyle (level 13, -1/59 HPs)
             Began as a Gargoyle Hunter on June 21, 2023.
             Was a High Priest of Hepliaklqana.
             Slain by a boulder beetle (4 damage)
             ... on level 3 of the Lair of Beasts.
             The game lasted 00:25:25 (13626 turns).

Elmgren the Marksgargoyle (Gargoyle Hunter)        Turns: 13626, Time: 00:25:26

Health: -1/59      AC: 18    Str: 17    XL:     13   Next: 11%
Magic:  0/13       EV: 23    Int:  9    God:    Hepliaklqana [*****.]
Gold:   1130       SH:  0    Dex: 23    Spells: 12/12 levels left

rFire   . . .        A - +2 arbalest (heavy)
rCold   . . .        (shield currently unavailable)
rNeg    + . .        G - +1 leather armour {Will+}
rPois   ∞            L - +2 hat {Will+}
rElec   +            k - scarf {repulsion}
rCorr   .            x - +1 pair of gloves
SInv    .            I - +0 pair of boots
Will    +++..        p - amulet of guardian spirit
Stlth   ++           t - +6 ring of dexterity
HPRegen 0.29/turn    j - ring of willpower
MPRegen 0.13/turn

%: repel missiles, guardian spirit
@: no status effects
A: reduced essence, sickness immunity, AC +9, negative energy resistance 1,
electricity resistance, torment resistance 1, petrification resistance
a: Renounce Religion, Recall Ancestor, Ancestor Identity, Transference, Idealise


You were on level 3 of the Lair of Beasts.
You worshipped Hepliaklqana.
Hepliaklqana was extremely pleased with you.
You visited 3 branches of the dungeon, and saw 16 of its levels.

You collected 1130 gold pieces.

Inventory:

Hand Weapons
 A - a +2 heavy arbalest (weapon)
   (You acquired it on level 7 of the Dungeon)
Missiles
 D - 3 throwing nets {=f, !d}
Armour
 a - a +0 cloak of stealth
   (You took it off Maurice on level 8 of the Dungeon)
 k - a scarf of repulsion (worn)
   (You found it on level 1 of the Dungeon)
 x - a +1 pair of gloves (worn)
   (You found it on level 5 of the Dungeon)
 G - a +1 leather armour of willpower (worn)
   (You found it on level 8 of the Dungeon)
 I - a +0 pair of boots (worn)
   (You found it on level 10 of the Dungeon)
 L - a +2 hat of willpower (worn)
   (You took it off Gastronok on level 11 of the Dungeon)
 U - the +2 ratskin cloak {*Rats rPois rN+ Str-1 Int-1 Dex+1}
   (You found it on level 3 of the Lair of Beasts)

   *Rats:     When the wearer is hurt, rats may emerge from it to assist them.
   Str:       It affects your strength (-1).
   Int:       It affects your intelligence (-1).
   Dex:       It affects your dexterity (+1).
   rPois:     It protects you from poison.
   rN:        It protects you from negative energy.
Magical Staves
 T - a staff of air {rElec}
   (You found it on level 2 of the Lair of Beasts)
 V - a staff of cold {rC+}
   (You found it on level 3 of the Lair of Beasts)
 W - a staff of air {rElec}
   (You found it on level 3 of the Lair of Beasts)
Jewellery
 e - an amulet of reflection
   (You found it on level 1 of the Dungeon)
 j - a ring of willpower (right hand)
   (You took it off a hobgoblin on level 2 of the Dungeon)
 o - a +6 ring of intelligence
   (You found it on level 2 of the Dungeon)
 p - an amulet of guardian spirit (around neck)
   (You found it on level 3 of the Dungeon)
 t - a +6 ring of dexterity (left hand)
   (You found it on level 3 of the Dungeon)
 B - a ring of wizardry {wiz+}
   (You found it on level 7 of the Dungeon)
 C - a ring of protection from cold {rC+}
   (You found it on level 1 of the Lair of Beasts)
 H - a ring of willpower
   (You found it on level 9 of the Dungeon)
Wands
 g - a wand of mindburst (27)
   (You found it on level 5 of the Dungeon)
 l - a wand of polymorph (33)
   (You found it on level 2 of the Dungeon)
 m - a wand of iceblast (30)
   (You found it on level 6 of the Dungeon)
 v - a wand of acid (8)
   (You took it off Ijyb on level 4 of the Dungeon)
 P - a wand of flame (12)
   (You found it on level 1 of the Lair of Beasts)
Scrolls
 b - a scroll of butterflies
 u - 3 scrolls of poison
 w - 2 scrolls of fog
 y - 4 scrolls of identify {@r1}
 z - 4 scrolls of teleportation {!r!d, @r3}
 E - a scroll of enchant weapon
 M - a scroll of amnesia
 Q - 3 scrolls of revelation {unknown}
 R - a scroll of blinking {!r!d}
Potions
 c - 2 potions of lignification {!q}
 d - 4 potions of haste
 f - 4 potions of curing {@q1, !d}
 h - a potion of berserk rage {!q}
 i - 2 potions of attraction {!q}
 n - 2 potions of degeneration {!q}
 q - 2 potions of enlightenment
 r - 3 potions of might
 s - a potion of cancellation
 F - a potion of heal wounds {@q2, !d}
 J - a potion of resistance
 K - a potion of invisibility {unknown}
 N - 2 potions of mutation {!q}
 O - a potion of ambrosia
 S - 2 potions of magic


   Skills:
 - Level 2.1 Fighting
 - Level 16.1 Ranged Weapons
 * Level 13.7 Dodging
 - Level 1.1 Stealth


You had 12 spell levels left.
You didn't know any spells.
Your spell library contained the following spells:

 Spells                   Type           Power      Damage    Failure   Level
 Apportation              Tloc           0%         N/A       45%         1
 Sting                    Tmut/Pois      0%         1d3       45%         1
 Summon Small Mammal      Summ           0%         N/A       45%         1
 Blink                    Tloc           0%         N/A       58%         2
 Ensorcelled Hibernation  Hex/Ice        0%         N/A       58%         2
 Lesser Beckoning         Tloc           0%         N/A       58%         2
 Momentum Strike          Conj/Tloc      0%         3d8       58%         2
 Passwall                 Tmut/Erth      0%         N/A       58%         2
 Poisonous Vapours        Pois/Air       0%         N/A       58%         2
 Scorch                   Fire           0%         2d5       58%         2
 Call Canine Familiar     Summ           0%         N/A       83%         3
 Frozen Ramparts          Ice            0%         1d1       83%         3
 Hailstorm                Conj/Ice       0%         3d3       83%         3
 Inner Flame              Hex/Fire       0%         N/A       83%         3
 Summon Guardian Golem    Hex/Summ       0%         N/A       83%         3
 Swiftness                Air            0%         N/A       83%         3
 Tukima's Dance           Hex            0%         N/A       83%         3
 Animate Armour           Summ/Erth      0%         N/A       99%         4
 Flame Wave               Conj/Fire      0%         2d4       99%         4
 Ice Form                 Ice/Tmut       0%         N/A       99%         4
 Manifold Assault         Tloc           0%         N/A       99%         4
 Olgreb's Toxic Radiance  Pois           0%         N/A       99%         4
 Passage of Golubria      Tloc           0%         N/A       99%         4
 Summon Ice Beast         Ice/Summ       0%         N/A       99%         4
 Summon Lightning Spire   Summ/Air       0%         N/A       99%         4
 Alistair's Intoxication  Tmut/Pois      0%         N/A       100%        5
 Blade Hands              Tmut           0%         N/A       100%        5
 Fireball                 Conj/Fire      0%         3d3       100%        5
 Iskenderun's Battlesphe  Conj           0%         2d6       100%        5
 Yara's Violent Unravell  Hex/Tmut       0%         3d3       100%        5
 Conjure Ball Lightning   Conj/Air       0%         3x3d6     100%        6
 Summon Cactus Giant      Summ           0%         N/A       100%        6
 Enfeeble                 Hex            0%         N/A       100%        7
 Orb of Destruction       Conj           0%         9d5       100%        7
 Storm Form               Tmut/Air       0%         N/A       100%        7


Dungeon Overview and Level Annotations

Branches:
Dungeon (11/15)            Temple (1/1) D:4            Lair (4/5) D:8
 Spider (0/4) Lair:3        Slime (0/5) Lair:4          Orc (0/2) D:10
  Swamp: Lair:2-3    Shoals: Lair:2-3

Altars:
Ashenzari
Cheibriados
Dithmenos
Elyvilon
Fedhas
Gozag
Hepliaklqana
Kikubaaqudgha
Makhleb
Nemelex Xobeh
Okawaru
Qazlal
Ru
Sif Muna
Trog
Uskayaw
Vehumet
Wu Jian
Xom
Yredelemnul
Zin
The Shining One
Jiyva

Shops:
D:2 :   D:3 (   D:11 ?

Annotations:
D:2 1 runed translucent door, Crazy Yiuf
D:8 exclusion: statue
Lair:1 2 transporters, Elmgren's ghost, journeyman MiBe


Innate Abilities, Weirdness & Mutations

Your life essence is reduced to manifest your ancestor. (-10% HP)
You are immune to sickness and miasma.
Your stone body is resilient. (AC +9)
You are immune to poison.
You resist negative energy. (rN+)
You are resistant to electric shocks. (rElec)
You are resistant to unholy torment.
You are immune to petrification.


Message History

There are monsters nearby!
Fire: A) +2 arbalest (heavy)
Press: ? - help, Q - select action, (/) - cycle Shift-Dir - straight line, f - yak
Aim: a yak (78% to hit)
You shoot a bolt. The bolt hits the yak.
Fire: A) +2 arbalest (heavy)
Press: ? - help, Q - select action, (/) - cycle Shift-Dir - straight line, f/p - yak
Aim: a yak (lightly wounded, 78% to hit)
You shoot a bolt. The bolt hits the yak!!!
You kill the yak!
A yak comes into view. x2
The yak moves out of view.
Fire: A) +2 arbalest (heavy)
Press: ? - help, Q - select action, (/) - cycle Shift-Dir - straight line, f - yak
Aim: a yak (78% to hit)
You shoot a bolt. The bolt hits the yak!!
You hear a croak.
A yak comes into view.
Fire: A) +2 arbalest (heavy)
Press: ? - help, Q - select action, (/) - cycle Shift-Dir - straight line, f/p - yak
Aim: a yak (almost dead, 78% to hit)
You shoot a bolt. The bolt hits the yak!
You kill the yak!
A yak comes into view.
Fire: A) +2 arbalest (heavy)
Press: ? - help, Q - select action, (/) - cycle Shift-Dir - straight line, f - yak
Aim: a yak (78% to hit)
You shoot a bolt. The bolt hits the yak!!!
You hear a croak.
You hear a bellow!
A bullfrog comes into view.
Fire: A) +2 arbalest (heavy)
Press: ? - help, Q - select action, (/) - cycle Shift-Dir - straight line, f/p - yak
Aim: a yak (almost dead, 78% to hit)
You shoot a bolt. The bolt completely misses the yak.
The bullfrog gives a loud, deep croak!
The yak gores you!
* * * LOW HITPOINT WARNING * * *
You take 5 damage, and have 4/59 hp.
You now have 2/13 mp.
Fire: A) +2 arbalest (heavy)
Press: ? - help, Q - select action, (/) - cycle Shift-Dir - straight line, f/p - yak
Aim: a yak (almost dead, 78% to hit)
You shoot a bolt. The bolt hits the yak!
You kill the yak!
The bullfrog hits you but does no damage.
You climb upwards.
The five-headed hydra closely misses you. x2
The five-headed hydra misses you.
The five-headed hydra closely misses you.
The five-headed hydra bites you but does no damage.
The five-headed hydra completely misses you. x2
The five-headed hydra misses you.
The five-headed hydra bites you but does no damage.
The five-headed hydra completely misses you.
There is a stone staircase leading down here.
Really read
R - 3 scrolls of blinking {!r!d}?
Blink to where?
Press: ? - help, Dir - move target
As you read the scroll of blinking {!r!d}, it crumbles to dust.
There is a stone staircase leading down here.
You climb downwards.
Found 6 poisoned darts and a scroll labelled WEIT VOHYLYL.
Found a viscous altar of Jiyva.
Found a staircase to the Slime Pits.
There is a stone staircase leading up here.
There are monsters nearby!
You climb upwards.
The five-headed hydra completely misses you.
The five-headed hydra barely misses you.
The five-headed hydra bites you but does no damage. x2
The five-headed hydra completely misses you.
There is a stone staircase leading down here.
Really read
R - 2 scrolls of blinking {!r!d}? [Y]es or [N]o only, please.
Really read
R - 2 scrolls of blinking {!r!d}?
Blink to where?
Press: ? - help, Dir - move target
As you read the scroll of blinking {!r!d}, it crumbles to dust.
You start resting.
A five-headed hydra is nearby!
You see here 2 stones.
Hamal hits the five-headed hydra with a +0 flail!
A five-headed hydra is nearby!
Hamal hits the five-headed hydra with a +0 flail.
The cane toad gives a loud, deep croak!
The boulder beetle curls into a ball and begins rolling!
The boulder beetle attacks as you move away!
The boulder beetle misses you.
The boulder beetle stops rolling and uncurls.
The boulder beetle attacks as you move away!
The boulder beetle bites you but does no damage.
The boulder beetle attacks as you move away!
The boulder beetle bites you!
* * * LOW HITPOINT WARNING * * *
You take 8 damage, and have 10/59 hp.
You now have 5/13 mp.
The boulder beetle attacks as you move away!
The boulder beetle bites you!
* * * LOW HITPOINT WARNING * * *
The boulder beetle leaps!
You take 8 damage, and have 2/59 hp.
You now have 1/13 mp.
The boulder beetle bites you.
You die...

###. ####.^^##....#...
#.#. #.#..........#P..
##..###..#....##..#B...
#....#.....##.###...#..
#.......###### ##○....
##.......### ####....
#.........####.#...#.
##.B.....F.........).
##.@...###....#...#.
#..##..###...#.#..##
##...##.#.#..##...P#
#....###D#######D..#
#.##.#####.# ##...##
####..R.#..###....##
###.......#....##
#....>....DR###
##..PP.....##..


You could see a boulder beetle, a five-headed hydra and a cane toad.

Vanquished Creatures
  Gastronok (D:11)
  Harold (D:11)
  A hydra (Lair:3)
  A two-headed ogre (D:11)
  3 death yaks (Lair:3)
  Urug (Lair:2)
  Nergalle (Lair:2)
  An orb spider (Lair:3)
  Maurice (D:8)
  3 ugly things (D:11)
  2 black mambas (Lair:1 Lair:3)
  Maggie (D:10)
  3 rime drakes (Lair:1 Lair:3)
  5 cane toads (Lair:1 Lair:3)
  2 komodo dragons (Lair:3)
  A hornet (D:9)
  2 trolls (D:11)
  2 polar bears (Lair:2 Lair:3)
  4 blink frogs (Lair:1)
  The ghost of gyole the Covert, an amateur SpDe of Okawaru (D:5)
  A wraith (D:10)
  4 wyverns (D:9 D:11 Lair:2)
  14 yaks (D:8 D:9 Lair:4)
  A steam dragon (D:7)
  7 water moccasins (D:4 Lair:1 Lair:2 Lair:3)
  A black bear (D:8)
  4 orc warriors (D:8 D:9)
  4 ogres (D:4 D:5 D:6 D:7)
  A sky beast (D:8)
  3 wolves (Lair:2)
  A centaur (D:8)
  2 lemures (D:8)
  3 phantoms (D:6 D:7)
  17 bullfrogs (D:6 D:8 Lair:1 Lair:2 Lair:3)
  A kobold brigand (D:10)
  6 scorpions (D:5 D:6 D:7 Lair:2)
  A gnoll sergeant (D:10)
  5 wights (D:6 D:9)
  10 killer bees (D:8 D:10)
  A crimson imp (D:6)
  4 hounds (D:4 D:5 D:6)
  A gnoll bouda (D:6)
  4 jellies (D:5 D:6 D:8)
  2 orc priests (D:10)
  2 sleepcaps (D:6 D:7)
  2 iguanas (D:5)
  6 orc wizards (D:4 D:6 D:8 D:9 D:10)
  Ijyb (D:4)
  Natasha (thrice) (D:2)
  6 gnolls (D:6 D:10)
  10 adders (D:2 D:3 D:4 D:5 D:6)
  6 white imps (D:4 D:6 D:7 D:8)
  An ufetubus (D:4)
  2 worms (D:3 D:4)
  4 dart slugs (D:2 D:4 D:5)
  18 orcs (D:3 D:4 D:5 D:6 D:8)
  6 bats (D:1 D:2 D:3)
  10 endoplasms (D:1 D:2 D:3 D:4)
  2 giant cockroaches (D:2)
  14 hobgoblins (D:1 D:2 D:3 D:4)
  13 kobolds (D:1 D:2 D:4 D:10)
  2 quokkas (D:1 D:3)
  5 ball pythons (D:1 D:2 D:4)
  3 frilled lizards (D:1 D:3)
  10 goblins (D:1 D:2 D:3 D:4)
  3 rats (D:1 D:3)
264 creatures vanquished.

Vanquished Creatures (collateral kills)
  A two-headed ogre (D:9)
  Pikel (D:8)
  2 trolls (D:8 D:9)
  A wyvern (Lair:3)
  A vampire (D:6)
  2 water moccasins (Lair:1 Lair:2)
  2 wights (D:6)
  2 killer bees (D:8 D:10)
  3 hounds (D:5)
  A sleepcap (D:5)
  2 gnolls (D:6 D:10)
  2 orcs (D:9 D:10)
  3 kobolds (D:10)
  3 butterflies (Lair:2)
26 creatures vanquished.

Vanquished Creatures (others)
  3 knights (D:11 Lair:3)
  An ancestor (D:5)
4 creatures vanquished.

Grand Total: 294 creatures vanquished

Notes
Turn   | Place    | Note
-------+----------+-------------------------------------------
     0 | D:1      | Elmgren the Gargoyle Hunter began the quest for the Orb.
     0 | D:1      | Reached XP level 1. HP: 12/12 MP: 1/1
   137 | D:1      | Reached XP level 2. HP: 15/17 MP: 2/2
   710 | D:1      | Reached XP level 3. HP: 21/21 MP: 3/3
   846 | D:2      | Reached skill level 5 in Ranged Weapons
   883 | D:2      | Found a snail-covered altar of Cheibriados.
   899 | D:2      | Noticed Natasha
   941 | D:2      | Killed Natasha
  1019 | D:2      | Reached XP level 4. HP: 20/26 MP: 4/4
  1172 | D:2      | Noticed Natasha
  1180 | D:2      | HP: 10/26 [cerulean imp/+3 spear[Natasha] (7)]
  1180 | D:2      | HP: 4/26 [cerulean imp/+3 spear[Natasha] (2)]
  1183 | D:2      | Killed Natasha
  1184 | D:2      | Reached skill level 6 in Ranged Weapons
  1391 | D:2      | Found Erijyu's Book Shoppe.
  1489 | D:2      | Reached XP level 5. HP: 30/30 MP: 5/5
  1744 | D:2      | Noticed Natasha
  1751 | D:2      | Killed Natasha
  1880 | D:2      | Found a runed translucent door.
  1881 | D:2      | Noticed Crazy Yiuf
  2213 | D:3      | Reached skill level 13 in Ranged Weapons
  2213 | D:3      | Reached XP level 6. HP: 35/35 MP: 6/6
  2214 | D:3      | Reached skill level 16 in Ranged Weapons
  2214 | D:3      | Reached XP level 7. HP: 40/40 MP: 7/7
  2512 | D:3      | Found Simuipn's Antique Weapon Shoppe.
  2625 | D:3      | Found a faded altar of an unknown god.
  3081 | D:4      | Reached skill level 2 in Dodging
  3081 | D:4      | HP: 19/40 [white imp/puff of frost (8)]
  3217 | D:4      | Found a staircase to the Ecumenical Temple.
  3227 | Temple   | Entered the Ecumenical Temple
  3471 | Temple   | Became a worshipper of Hepliaklqana the Forgotten
  3783 | D:4      | Noticed Ijyb
  3793 | D:4      | Killed Ijyb
  3794 | D:4      | Reached XP level 8. HP: 44/44 MP: 8/8
  4248 | D:4      | Got the Folio of the Blizzard
  4547 | D:4      | Found a shimmering blue altar of Sif Muna.
  4688 | D:5      | Entered Level 5 of the Dungeon
  4752 | D:5      | Reached skill level 3 in Dodging
  4825 | D:5      | Reached * piety under Hepliaklqana
  5009 | D:5      | Found a sparkling altar of Nemelex Xobeh.
  5090 | D:5      | Found a runed translucent gate.
  5090 | D:5      | Found a runed translucent gate.
  5095 | D:5      | Found an opulent altar of Gozag.
  5096 | D:5      | Found a runed translucent gate.
  5098 | D:5      | Noticed gyole's ghost (amateur SpDe)
  5098 | D:5      | Noticed a yak
  5439 | D:5      | Reached skill level 4 in Dodging
  5441 | D:5      | HP: 13/39 [yak (11)]
  5479 | D:5      | Killed gyole's ghost
  5669 | D:6      | Reached XP level 9. HP: 43/43 MP: 9/9
  5795 | D:6      | Found a glowing golden altar of the Shining One.
  5948 | D:6      | Reached skill level 5 in Dodging
  6081 | D:6      | Reached ** piety under Hepliaklqana
  6114 | D:6      | Remembered your ancestor Hamal as a knight
  6211 | D:6      | HP: 15/43 [something (9)]
  6216 | D:6      | HP: 7/43 [something (3)]
  6216 | D:6      | HP: 1/43 [something (6)]
  6406 | D:6      | Found a shimmering altar of Xom.
  6406 | D:6      | Found an ornate altar of the Wu Jian Council.
  6408 | D:6      | Found a white marble altar of Elyvilon.
  6408 | D:6      | Found a hide-covered altar of Uskayaw.
  6408 | D:6      | Found a hide-covered altar of Uskayaw.
  6492 | D:6      | Found a burning altar of Makhleb.
  6938 | D:7      | Found a sand-covered staircase.
  7289 | D:7      | Found a shadowy altar of Dithmenos.
  7412 | D:7      | HP: 18/43 [steam dragon] (5)]
  7651 | D:7      | Identified a scroll of acquirement
  7651 | D:7      | Acquired a +2 heavy arbalest
  7668 | D:8      | Noticed a troll
  7672 | D:8      | Noticed Maurice
  7682 | D:8      | Killed a troll
  7689 | D:8      | Reached skill level 6 in Dodging
  7689 | D:8      | Reached XP level 10. HP: 47/47 MP: 10/10
  7689 | D:8      | Killed Maurice
  7961 | D:8      | Found a staircase to the Lair.
  8054 | D:8      | Reached skill level 7 in Dodging
  8081 | D:8      | Found a radiant altar of Vehumet.
  8177 | D:8      | Noticed Pikel
  8186 | D:8      | Killed Pikel
  8354 | D:9      | Reached skill level 8 in Dodging
  8385 | D:9      | Reached XP level 11. HP: 48/51 MP: 8/11
  8436 | D:9      | Noticed a two-headed ogre
  8459 | D:9      | Killed a two-headed ogre
  8763 | D:9      | Reached skill level 9 in Dodging
  8848 | D:9      | Found an ancient bone altar of Kikubaaqudgha.
  8849 | D:9      | Found an ornate altar of the Wu Jian Council.
  8858 | D:9      | Found a blossoming altar of Fedhas.
  8861 | D:9      | Reached *** piety under Hepliaklqana
  9210 | D:10     | Entered Level 10 of the Dungeon
  9258 | D:10     | Found a staircase to the Orcish Mines.
  9867 | D:10     | Noticed Maggie
  9869 | D:10     | Killed Maggie
  9958 | D:11     | Noticed a cyan ugly thing
  9960 | D:11     | Noticed Gastronok
  9962 | D:11     | Killed a cyan ugly thing
  9962 | D:11     | Noticed a cyan ugly thing
  9964 | D:11     | HP: 23/51 [Gastronok/the air (9)]
 10096 | D:11     | Killed a cyan ugly thing
 10097 | D:11     | Reached skill level 10 in Dodging
 10114 | D:11     | Noticed a two-headed ogre
 10116 | D:11     | Killed Gastronok
 10117 | D:11     | Killed a two-headed ogre
 10139 | D:11     | Noticed a red ugly thing
 10152 | D:11     | Killed a red ugly thing
 10387 | D:11     | Noticed Harold
 10396 | D:11     | Killed Harold
 10397 | D:11     | Reached skill level 11 in Dodging
 10397 | D:11     | Reached XP level 12. HP: 55/55 MP: 10/12
 10755 | D:11     | Found Sumuan's Magic Scroll Shoppe.
 10900 | Lair:1   | Entered Level 1 of the Lair of Beasts
 10900 | Lair:1   | Reached **** piety under Hepliaklqana
 10976 | Lair:1   | Found a transporter.
 10976 | Lair:1   | Found a transporter.
 11446 | Lair:1   | Reached skill level 12 in Dodging
 11504 | Lair:1   | Noticed Elmgren's ghost (journeyman MiBe)
 11992 | Lair:2   | Reached ***** piety under Hepliaklqana
 12208 | Lair:2   | Noticed Urug
 12239 | Lair:2   | Killed Urug
 12401 | Lair:2   | Noticed Nergalle
 12407 | Lair:2   | Killed Nergalle
 12764 | Lair:3   | Found the +2 ratskin cloak {*Rats rPois rN+ Str-1 Int-1
                  | Dex+1}
 12830 | Lair:3   | Found a hole to the Spider Nest.
 12834 | Lair:3   | HP: 10/55 [disintegration (45)]
 13104 | Lair:3   | HP: 14/55 [disintegration (41)]
 13254 | Lair:3   | Reached skill level 13 in Dodging
 13525 | Lair:3   | Noticed a death yak
 13525 | Lair:3   | Noticed a death yak
 13525 | Lair:3   | Noticed a death yak
 13525 | Lair:3   | Noticed an eight-headed hydra
 13531 | Lair:3   | Killed an eight-headed hydra
 13533 | Lair:3   | Noticed a five-headed hydra
 13534 | Lair:3   | Killed a death yak
 13535 | Lair:3   | Reached XP level 13. HP: 59/59 MP: 13/13
 13546 | Lair:3   | HP: 26/59 [five-headed hydra (6)]
 13555 | Lair:3   | HP: 14/59 [five-headed hydra (5)]
 13558 | Lair:3   | HP: 4/59 [five-headed hydra (7)]
 13574 | Lair:4   | HP: 4/59 [yak (6)]
 13588 | Lair:4   | Found a viscous altar of Jiyva.
 13588 | Lair:4   | Found a staircase to the Slime Pits.
 13623 | Lair:3   | HP: 10/59 [boulder beetle (8)]
 13624 | Lair:3   | HP: 2/59 [boulder beetle (8)]
 13626 | Lair:3   | Slain by a boulder beetle

Illustrated notes

Levels and vault maps discovered:
D:1:      saegor_arrival_miasma, layout_basic
D:2:      layout_loops_cross, serial_shops, shop, basic_altar, minivault_23,
          minmay_cupped, uniq_crazy_yiuf_cottage, uniq_natasha
D:3:      minmay_spotlight, layout_loops_corners,
          shapermc_ecumenical_altar_pompeii, serial_shops,
          nicolae_shop_overgrown_old_shop, corexii_corridor_pit, corner_web_ring
D:4:      layout_layer_cave, kennysheep_orc_sif_temple,
          minmay_temple_entry_sparse_star, kennysheep_generic_room_13, uniq_ijyb
D:5:      layout_loops_ring, nemelex_spade_bored_becter, ebering_ghost_gozag,
          corexii_mini_fake_secret_closet, chequers_arboretum
D:6:      minmay_evil_eye, layout_rooms, makhleb_grotto_becter,
          doesnt_xom_only_xom, kennysheep_doodads
D:7:      layout_basic, nicolae_dithmenos_through_a_glass_darkly,
          nicolae_ossuary_entry_false_entrances, kennysheep_generic_room_11
D:8:      layout_rooms, vehumet_statue, grunt_lair_entry_orc_guard_hut,
          serial_park_tiny_pond, uniq_pikel, uniq_maurice
D:9:      layout_long_grid, gammafunk_temple_overflow_forgotten
D:10:     layout_roguey, orc_0_dummy, nicolae_zen_rock_garden,
          kennysheep_generic_room_8, uniq_maggie
D:11:     layout_loops_cross, serial_shops, nicolae_diamond_shop,
          uniq_gastronok, uniq_harold
Temple:   nicolae_temple_figure_eight
Lair:1:   layout_small_grid, nzn_ghost_randoct, grunt_forest_small_clearings,
          infiniplex_staircase_pool
Lair:2:   layout_chaotic_city, st_stairs_9, lemuel_fruit_fields,
          lemuel_fruit_fields, infiniplex_staircase_pool_2, uniq_nergalle,
          uniq_urug
Lair:3:   layout_misc_corridors, palyth_hydra_swamp_entry,
          nicolae_spider_entry_orb_guardian, grunt_forest_small_clearing_treed
Lair:4:   layout_loops_ring, slime_entry_1

Skill      XL: |  1  2  3  4  5  6  7  8  9 10 11 12 |
---------------+-------------------------------------+-----
Ranged Weapons | 5 6 13 16 | 16.1
Dodging        | 2 4 6 8 11 13 | 13.7
Fighting       | |  2.1
Stealth        | |  1.1

Action                     |  1- 3 |  4- 6 |  7- 9 | 10-12 | 13-15 || total
---------------------------+-------+-------+-------+-------+-------++-------
  Melee: Unarmed           |     5 |       |       |       |       ||     5
         Shortbow          |       |       |     7 |       |       ||     7
   Fire: Shortbow          |    89 |    58 |   317 |       |       ||   464
         Arbalest          |       |       |     7 |   326 |    19 ||   352
 Invoke: Ancestor Life: Kn |       |       |     1 |       |       ||     1
    Use: Scroll            |     4 |     3 |    11 |    10 |     4 ||    32
         Potion            |       |     2 |       |       |       ||     2
   Stab: Confused          |     2 |       |       |       |       ||     2
 Armour: Leather armour    |    13 |     3 |    22 |    23 |    17 ||    78
  Dodge: Dodged            |    25 |     9 |    50 |    89 |    29 ||   202
         Repelled          |       |     1 |       |     3 |       ||     4
  Block: Other             |     5 |     2 |     4 |       |       ||    11
         Reflection        |     2 |       |       |       |       ||     2

Table legend: (Time is in decaauts)
 A = Elapsed time spent in this place.
 B = Non-inter-level travel time spent in this place.
 C = Inter-level travel time spent in this place.
 D = Time resting spent in this place.
 E = Time spent auto-exploring this place.
 F = Levels seen in this place.
 G = Mean time per level.
                   A        B        C        D        E       F      G
               +--------+--------+--------+--------+--------+-----+--------+
         Total |  13841 |  13309 |    532 |   1716 |   9226 |  16 |  865.1 |
       Dungeon |  10742 |  10300 |    442 |   1205 |   7234 |  11 |  976.5 |
        Temple |    264 |    231 |     33 |      0 |    221 |   1 |  264.0 |
          Lair |   2834 |   2777 |     57 |    511 |   1770 |   4 |  708.5 |
               +--------+--------+--------+--------+--------+-----+--------+

Top non-repeatable levels by time:
     D:2: 1384 daAuts
     D:4: 1354 daAuts
     D:7: 1111 daAuts
  Lair:3: 1023 daAuts
     D:5: 950 daAuts
  Lair:2: 927 daAuts
     D:9: 923 daAuts
    D:10: 908 daAuts
     D:6: 891 daAuts
  Lair:1: 869 daAuts
     D:1: 846 daAuts
     D:3: 826 daAuts
    D:11: 782 daAuts
     D:8: 763 daAuts
  Temple: 264 daAuts

Levels and vault maps discovered:
D:1:      saegor_arrival_miasma, layout_basic
D:2:      layout_loops_cross, serial_shops, shop, basic_altar, minivault_23,
          minmay_cupped, uniq_crazy_yiuf_cottage, uniq_natasha
D:3:      minmay_spotlight, layout_loops_corners,
          shapermc_ecumenical_altar_pompeii, serial_shops,
          nicolae_shop_overgrown_old_shop, corexii_corridor_pit, corner_web_ring
D:4:      layout_layer_cave, kennysheep_orc_sif_temple,
          minmay_temple_entry_sparse_star, kennysheep_generic_room_13, uniq_ijyb
D:5:      layout_loops_ring, nemelex_spade_bored_becter, ebering_ghost_gozag,
          corexii_mini_fake_secret_closet, chequers_arboretum
D:6:      minmay_evil_eye, layout_rooms, makhleb_grotto_becter,
          doesnt_xom_only_xom, kennysheep_doodads
D:7:      layout_basic, nicolae_dithmenos_through_a_glass_darkly,
          nicolae_ossuary_entry_false_entrances, kennysheep_generic_room_11
D:8:      layout_rooms, vehumet_statue, grunt_lair_entry_orc_guard_hut,
          serial_park_tiny_pond, uniq_pikel, uniq_maurice
D:9:      layout_long_grid, gammafunk_temple_overflow_forgotten
D:10:     layout_roguey, orc_0_dummy, nicolae_zen_rock_garden,
          kennysheep_generic_room_8, uniq_maggie
D:11:     layout_loops_cross, serial_shops, nicolae_diamond_shop,
          uniq_gastronok, uniq_harold
Temple:   nicolae_temple_figure_eight
Lair:1:   layout_small_grid, nzn_ghost_randoct, grunt_forest_small_clearings,
          infiniplex_staircase_pool
Lair:2:   layout_chaotic_city, st_stairs_9, lemuel_fruit_fields,
          lemuel_fruit_fields, infiniplex_staircase_pool_2, uniq_nergalle,
          uniq_urug
Lair:3:   layout_misc_corridors, palyth_hydra_swamp_entry,
          nicolae_spider_entry_orb_guardian, grunt_forest_small_clearing_treed
Lair:4:   layout_loops_ring, slime_entry_1

Table legend: (Time is in decaauts)
 A = Elapsed time spent in this place.
 B = Non-inter-level travel time spent in this place.
 C = Inter-level travel time spent in this place.
 D = Time resting spent in this place.
 E = Time spent auto-exploring this place.
 F = Levels seen in this place.
 G = Mean time per level.
                   A        B        C        D        E       F      G
               +--------+--------+--------+--------+--------+-----+--------+
         Total |  13841 |  13309 |    532 |   1716 |   9226 |  16 |  865.1 |
       Dungeon |  10742 |  10300 |    442 |   1205 |   7234 |  11 |  976.5 |
        Temple |    264 |    231 |     33 |      0 |    221 |   1 |  264.0 |
          Lair |   2834 |   2777 |     57 |    511 |   1770 |   4 |  708.5 |
               +--------+--------+--------+--------+--------+-----+--------+

Top non-repeatable levels by time:
     D:2: 1384 daAuts
     D:4: 1354 daAuts
     D:7: 1111 daAuts
  Lair:3: 1023 daAuts
     D:5: 950 daAuts
  Lair:2: 927 daAuts
     D:9: 923 daAuts
    D:10: 908 daAuts
     D:6: 891 daAuts
  Lair:1: 869 daAuts
     D:1: 846 daAuts
     D:3: 826 daAuts
    D:11: 782 daAuts
     D:8: 763 daAuts
  Temple: 264 daAuts

Table legend:
 A = Kills in this place as a percentage of kills in the entire game.
 B = Kills by you in this place as a percentage of kills by you in the entire game.
 C = Kills by friends in this place as a percentage of kills by friends in the entire game.
 D = Other kills in this place as a percentage of other kills in the entire game.
 E = Experience gained in this place as a percentage of experience gained in the entire game.
 F = Experience gained in this place divided by the number of levels of this place that you have seen.
                   A       B       C       D       E      F
               +-------+-------+-------+-------+-------+----------------------
         Total | 100.0 | 100.0 | 100.0 |   N/A | 100.0 | 2121.3
       Dungeon |  81.1 |  80.5 |  87.0 |   N/A |  53.2 | 1643.0
          Lair |  18.9 |  19.5 |  13.0 |   N/A |  46.8 | 3967.0
               +-------+-------+-------+-------+-------+----------------------
